 Dungeon Crawl Stone Soup version 0.17-a0-1830-g81820eb (webtiles) character file.

65 Stormsson the Sneak (level 3, -2/18 HPs)
             Began as a Spriggan Assassin on Sept 13, 2015.
             Slain by an orc priest
             ... wielding a +0 dagger
              (5 damage)
             ... on level 3 of the Dungeon.
             The game lasted 00:05:32 (2106 turns).

Stormsson the Sneak (Spriggan Assassin)             Turns: 2106, Time: 00:05:32

Health: -2/18      AC:  3    Str:  7    XL:     3   Next: 94%
Magic:  4/4        EV: 18    Int: 12    God:
Gold:   68         SH:  0    Dex: 18    Spells: 0 memorised, 2 levels left

rFire  . . .     SeeInvis +     a - +3 dagger
rCold  + . .     Clarity  .     c - +0 robe
rNeg   . . .     SustAt   .     (shield restricted)
rPois  .         Gourm    .     (helmet restricted)
rElec  .         Spirit   .     d - +0 cloak
rCorr  .         Warding  .     (gloves unavailable)
rMut   .         Stasis   .     (boots unavailable)
MR     .....                    (no amulet)
Stlth  ++++......               (no ring)
                                (no ring)

@: very quick, not resistant to hostile enchantments, stealthy
A: unfitting armour, see invisible, cold resistance 1, herbivore 3, speed 3,
high mp 1, slow metabolism 2
a: no special abilities


You were on level 3 of the Dungeon.
You were not hungry.

You visited 1 branch of the dungeon, and saw 3 of its levels.

You collected 68 gold pieces.

Inventory:

Hand weapons
 a - a +3 dagger (weapon)
 b - a +0 blowgun
Missiles
 e - 5 poisoned needles (quivered)
 f - 2 curare-tipped needles
Armour
 c - a +0 robe (worn)
 d - a +0 cloak (worn)
Jewellery
 l - an uncursed amulet of rage
 o - an uncursed amulet of resist mutation
Magical devices
 m - a wand of hasting (2)
Scrolls
 j - 2 scrolls of identify
 k - a scroll of enchant weapon
Potions
 i - a potion of lignification {unknown}
 n - a potion of curing {unknown}
Comestibles
 g - 2 bread rations
 h - 3 fruits


   Skills:
 + Level 2.3 Fighting
 * Level 3.2 Short Blades
 - Level 2.1 Throwing
 + Level 2.7 Dodging
 + Level 6.2 Stealth


You had 2 spell levels left.
You didn't know any spells.

Dungeon Overview and Level Annotations

Branches:
Dungeon (3/15)

Altars:
Elyvilon


Innate Abilities, Weirdness & Mutations

You are tiny and cannot use many weapons and most armour.
You have supernaturally acute eyesight.
You are a herbivore.
You cover ground extremely quickly.
You need consume almost no food.
Your flesh is cold resistant.
You have an increased reservoir of magic (+10% MP).


Message History

You hit the orc priest.
The orc priest is moderately wounded.
The goblin hits you.
You barely miss the orc priest.
The orc priest is moderately wounded.
The orc priest closely misses you. The goblin misses you.
You hit the orc priest.
The orc priest is heavily wounded.
The orc completely misses you. The orc priest hits you with a dagger.
The goblin closely misses you. The giant gecko bites you.
You hit the orc priest.
The orc priest is severely wounded.
The orc hits you.
* * * LOW HITPOINT WARNING * * *
The orc priest misses you. The giant gecko barely misses you.
The goblin completely misses you.
You hit the orc priest but do no damage.
The orc priest is severely wounded.
The orc misses you. The orc priest hits you with a dagger.
You die...

.. ..# .. #.# . .o# ######.# .#.#
#. #.# #.......##...# #. #o#
##....#........##.
#..#.#.##....#..........
#.g#.#.##....#.........#.#
###..o....#....#og.......#.#
.....#.####.o..#@........#.#<....
....?..........#ol.......#.#.....
###.......[....#)........#.#.....
<...........†..'.........#.#.....
.......###.#.#.#.........#.#.....
...........#.#.#.........#'#.....
##.###..####.#.##'###............
#.#.... ..#.##.# #............ #
#### .##)##.# #............


You could see an orc priest, an orc, a giant gecko and a goblin.

Vanquished Creatures
  2 gnolls (D:3)
  3 worms
  2 orcs (D:3)
  A giant cockroach (D:2)
  A goblin (D:2)
  5 hobgoblins
  7 kobolds
  2 quokkas (D:3)
  6 bats
  2 giant newts
  3 rats
34 creatures vanquished.

Notes
Turn   | Place    | Note
--------------------------------------------------------------
     0 | D:1      | Stormsson the Spriggan Assassin began the quest for the Orb.
     0 | D:1      | Reached XP level 1. HP: 10/10 MP: 2/2
   305 | D:1      | Reached XP level 2. HP: 15/15 MP: 3/3
   616 | D:1      | Gained mutation: You have an increased reservoir of magic (+10% MP). [potion of beneficial mutation]
   617 | D:1      | Gained mutation: Your flesh is cold resistant. [potion of beneficial mutation]
   933 | D:2      | Found a white marble altar of Elyvilon.
   991 | D:2      | Reached skill level 6 in Stealth
  1341 | D:2      | Reached XP level 3. HP: 18/18 MP: 4/4
  2106 | D:3      | Slain by an orc priest

Vault maps used:
D:1:      dpeg_arrival_tiny_i
D:2:      lemuel_round_altar

Action                   || total
-------------------------++-------
Melee: Dagger            ||    98
 Fire: Blowgun           ||    11
  Use: Potion            ||     2
       Scroll            ||     5
 Stab: Sleeping          ||    16
       Distracted        ||     1
